 Dungeon Crawl Stone Soup version 0.29.1-1-gd02db69 (webtiles) character file.

Game seed: 11449679636911208795

562 samcosmo the Sneak (level 7, -1/41 HPs)
             Began as a Kobold Enchanter on Apr 19, 2023.
             Was an Initiate of Dithmenos.
             Slain by ph0's ghost (18 damage)
             ... on level 3 of the Dungeon.
             The game lasted 00:22:36 (5524 turns).

samcosmo the Sneak (Kobold Enchanter)               Turns: 5524, Time: 00:22:37

Health: -1/41      AC:  2    Str:  5    XL:     7   Next: 57%
Magic:  10/11      EV: 15    Int: 23    God:    Dithmenos [......]
Gold:   169        SH:  0    Dex: 17    Spells: 1/12 levels left

rFire   . . .      SeeInvis .   a - +1 dagger (venom)
rCold   . . .      Faith    .   (no shield)
rNeg    . . .      Spirit   .   b - +0 robe
rPois   .          Reflect  .   (no helmet)
rElec   .          Harm     .   (no cloak)
rCorr   .          Rampage  .   (no gloves)
Will    .....                   (no boots)
Stlth   ++++......              f - amulet of magic regeneration
HPRegen 0.13/turn               h - +6 ring of intelligence
MPRegen 0.52/turn               (no ring)

@: no status effects
A: small, no large weapons, nightstalker 3
a: Renounce Religion


You were on level 3 of the Dungeon.
You worshipped Dithmenos.
Dithmenos was noncommittal.
You visited 2 branches of the dungeon, and saw 5 of its levels.

You collected 169 gold pieces.

Inventory:

Hand Weapons
 a - a +1 dagger of venom (weapon)
Armour
 b - a +0 robe (worn)
Jewellery
 f - an amulet of magic regeneration (around neck)
 h - a +6 ring of intelligence (left hand)
Wands
 e - a wand of iceblast (7)
 k - a wand of mindburst (14)
Scrolls
 d - a scroll of immolation
 p - a scroll of blinking {unknown}
 q - a scroll of enchant armour {unknown}
Potions
 c - 3 potions of invisibility
 g - a potion of heal wounds
 i - a potion of degeneration
 j - 2 potions of mutation
 l - a potion of attraction {unknown}
 m - a potion of might {unknown}
 n - 2 potions of brilliance
 o - a potion of lignification {unknown}
 r - a potion of flight {unknown}


   Skills:
 + Level 3.2 Fighting
 * Level 4.6 Short Blades
 - Level 2.4 Dodging
 + Level 6.0 Stealth
 - Level 3.0 Spellcasting
 + Level 5.3 Hexes


You had one spell level left.
You knew the following spells:

 Your Spells              Type           Power      Damage    Failure   Level
a - Ensorcelled Hibernat  Hex/Ice        30%        N/A       6%          2
b - Confusing Touch       Hex            27%        N/A       3%          3
c - Tukima's Dance        Hex            27%        N/A       3%          3
d - Dazzling Flash        Conj/Hex       30%        N/A       12%         3

Your spell library contained the following spells:

 Spells                   Type           Power      Damage    Failure   Level


Dungeon Overview and Level Annotations

Branches:
Dungeon (4/15)             Temple (1/1) D:4

Altars:
Ashenzari
Cheibriados
Dithmenos
Elyvilon
Hepliaklqana
Kikubaaqudgha
Makhleb
Nemelex Xobeh
Ru
Vehumet
Wu Jian
Xom
Yredelemnul
Zin
The Shining One

Annotations:
D:3 ph0's ghost, amateur TrBe; waxwing's ghost, weakling DgSu


Innate Abilities, Weirdness & Mutations

You are small and have problems with some larger weapons.
You are completely attuned to the shadows.


Message History

You hit ph0's ghost.
Ph0's ghost is lightly damaged.
You hit ph0's ghost but do no damage.
Ph0's ghost is lightly damaged.
You hit ph0's ghost.
Ph0's ghost is lightly damaged.
You hit ph0's ghost.
Ph0's ghost is lightly damaged.
Ph0's ghost hits you!
You strike the helpless ph0's ghost from behind!
You impale ph0's ghost!!
Ph0's ghost is heavily damaged.
You barely miss ph0's ghost.
Ph0's ghost is heavily damaged.
Ph0's ghost barely misses itself.
You hit ph0's ghost.
Ph0's ghost is heavily damaged.
You barely miss ph0's ghost.
Ph0's ghost is heavily damaged.
You hit ph0's ghost but do no damage.
Ph0's ghost is heavily damaged.
Ph0's ghost seems less confused.
Ph0's ghost barely misses you.
You closely miss ph0's ghost.
Ph0's ghost is heavily damaged.
Ph0's ghost hits you!
Casting: Confusing Touch (dangerous; 3% risk of failure)
Confirm with . or Enter, or press ? or * to list all spells.
Your hands begin to glow red.
Ph0's ghost hits you!
* * * LOW HITPOINT WARNING * * *
You feel much better. Ph0's ghost hits you.
You are too injured to fight recklessly!
You are too injured to fight recklessly!
You are too injured to fight recklessly!
You are too injured to fight recklessly!
You hit ph0's ghost but do no damage.
Ph0's ghost appears confused.
Ph0's ghost is heavily damaged.
You barely miss ph0's ghost.
Ph0's ghost is heavily damaged.
Ph0's ghost hits you!!
You die...

#.#####.###
######.##......#######
#......)..##.#........
####.####.......########.
#.......######### #.
#.##.##.# #. #.##.##.##
#. #.##...W.# #.
#.#####.@######### ####.
#........##......# #....
########.##......# #...[
#.............# #.###
###..##.#.......# #.###
#.......#.......# #....
#.......#.......# #.##.
###'''######..##########
♣.......♣ #......#......


You could see ph0's ghost (confused).

Vanquished Creatures
  A wyvern (D:4)
  The ghost of satudua34 the Cudgeller, an amateur MiFi (D:3)
  A hound (D:4)
  Jessica (D:3)
  Ijyb (D:3)
  3 adders
  4 dart slugs
  4 orcs
  6 bats
  3 endoplasms
  4 giant cockroaches
  7 goblins
  7 hobgoblins
  6 jackals
  3 kobolds (D:1)
  4 quokkas
  5 ball pythons
  6 rats
67 creatures vanquished.

Vanquished Creatures (collateral kills)
  An ogre (D:4)
1 creature vanquished.

Vanquished Creatures (others)
  An orc (D:4)
  A kobold (D:4)
2 creatures vanquished.

Grand Total: 70 creatures vanquished

Notes
Turn   | Place    | Note
-------+----------+-------------------------------------------
     0 | D:1      | samcosmo the Kobold Enchanter began the quest for the Orb.
     0 | D:1      | Reached XP level 1. HP: 10/10 MP: 3/3
    62 | D:1      | Reached XP level 2. HP: 10/16 MP: 5/5
   167 | D:1      | Learned a level 2 spell: Ensorcelled Hibernation
   390 | D:1      | Found a faded altar of an unknown god.
   846 | D:1      | Reached skill level 1 in Fighting
   859 | D:1      | Reached XP level 3. HP: 13/20 MP: 6/6
  1512 | D:2      | Learned a level 3 spell: Confusing Touch
  1826 | D:2      | Reached XP level 4. HP: 25/25 MP: 7/7
  1860 | D:2      | Found a shimmering altar of Xom.
  2715 | D:3      | Learned a level 3 spell: Tukima's Dance
  2869 | D:3      | Noticed Ijyb
  2873 | D:3      | Killed Ijyb
  3116 | D:3      | Found a runed translucent gate.
  3116 | D:3      | Found a runed translucent gate.
  3147 | D:3      | Reached XP level 5. HP: 25/29 MP: 9/9
  3331 | D:3      | Found a runed translucent gate.
  3658 | D:3      | Noticed Jessica
  3663 | D:3      | Killed Jessica
  3982 | D:4      | Found a staircase to the Ecumenical Temple.
  3989 | Temple   | Entered the Ecumenical Temple
  4002 | Temple   | Became a worshipper of Dithmenos the Shadowed
  4116 | D:4      | Reached skill level 5 in Stealth
  4315 | D:4      | Noticed an ogre
  4324 | D:4      | Killed an ogre
  4325 | D:4      | Reached XP level 6. HP: 26/36 MP: 1/10
  4996 | D:4      | Noticed a wyvern
  5003 | D:4      | Killed a wyvern
  5004 | D:4      | Reached skill level 5 in Hexes
  5004 | D:4      | Reached XP level 7. HP: 26/40 MP: 11/11
  5102 | D:4      | Learned a level 3 spell: Dazzling Flash
  5360 | D:3      | Noticed waxwing's ghost (weakling DgSu)
  5360 | D:3      | Noticed ph0's ghost (amateur TrBe)
  5361 | D:3      | Noticed satudua34's ghost (amateur MiFi)
  5382 | D:3      | Killed satudua34's ghost
  5383 | D:3      | Reached skill level 6 in Stealth
  5524 | D:3      | Slain by ph0's ghost

Illustrated notes

Levels and vault maps discovered:
D:1:      evilmike_arrival_hilbert_curve, layout_basic, serial_rivers,
          chequers_serial_rivers_micro_a, chequers_serial_rivers_micro_d,
          chequers_serial_rivers_marsh, chequers_serial_rivers_small_3,
          shapermc_ecumenical_altar_petra, chequers_serial_rivers_room_b
D:2:      layout_loops_corners, basic_altar
D:3:      layout_loops_cross, gammafunk_ghost_cemetery, minmay_misc_feat_five,
          kennysheep_crisscross, ebering_dispersal_statue_hall,
          kennysheep_cross_bottleneck, minmay_misc_feat_secret_circle,
          uniq_ijyb, uniq_jessica
D:4:      layout_loops_ring, temple_doors_e
Temple:   nicolae_temple_no_exploring_needed

Skill      XL: |  1  2  3  4  5  6  7 |
---------------+----------------------+-----
Fighting       | 1 2 3 |  3.2
Short Blades   | 2 3 4 |  4.6
Hexes          | 4 5 |  5.3
Spellcasting   | 3 |  3.0
Stealth        | 5 6 |  6.0
Dodging        | |  2.4

Action                   |  1- 3 |  4- 6 |  7- 9 || total
-------------------------+-------+-------+-------++-------
Melee: Dagger            |   105 |    95 |    30 ||   230
       Punch             |       |     1 |     2 ||     3
 Cast: Ensorcelled Hiber |       |     3 |       ||     3
       Tukima's Dance    |       |     2 |       ||     2
       Confusing Touch   |       |       |     3 ||     3
  Use: Scroll            |       |     9 |       ||     9
       Potion            |       |       |     1 ||     1
 Stab: Sleeping          |    10 |    20 |       ||    30
       Distracted        |       |     1 |       ||     1
       Confused          |       |       |     4 ||     4
Armor: Robe              |    15 |    14 |       ||    29
Dodge: Dodged            |    61 |    71 |     9 ||   141
